 Dungeon Crawl Stone Soup version 0.30-b1-6-gad0e9d6a2d (webtiles) character file.

Game seed: 14296198518610836965

7962 MacCMillion the Cleaver (level 11, -6/85 HPs)
             Began as a Formicid Fighter on May 5, 2023.
             Was a Priest of Makhleb.
             Killed by the air
             ... invoked by Gastronok
              (15 damage)
             ... on level 10 of the Dungeon.
             The game lasted 00:15:52 (10793 turns).

MacCMillion the Cleaver (Formicid Fighter)         Turns: 10793, Time: 00:15:53

Health: -6/85      AC: 18    Str: 25    XL:     11   Next: 47%
Magic:  16/16      EV:  7    Int:  8    God:    Makhleb [***...]
Gold:   279        SH:  5    Dex: 13    Spells: 10/10 levels left

rFire   . . .        D - +2 war axe (freeze)
rCold   . . .        c - +0 buckler
rNeg    . . .        B - +0 plate armour
rPois   .            (helmet unavailable)
rElec   .            g - +2 cloak
rCorr   .            (no gloves)
SInv    +            J - +0 pair of boots
Will    +....        (no amulet) Stlth
                     (no ring)
HPRegen 0.34/turn    (no ring)
MPRegen 0.15/turn

%: no passive effects
@: no status effects
A: permanent stasis, dig shafts and tunnels, antennae 3, four strong arms
a: Dig, Shaft Self, Renounce Religion, Minor Destruction, Lesser Servant of
Makhleb


You were on level 10 of the Dungeon.
You worshipped Makhleb.
Makhleb was most pleased with you.
You visited 1 branch of the dungeon, and saw 10 of its levels.

You collected 339 gold pieces.
You spent 60 gold pieces at shops.

Inventory:

Hand Weapons
 a - a +0 war axe
 v - the +1 hand axe of Gobiwk {heavy, Str+3}
   (You took it off a gnoll on level 4 of the Dungeon)

   Str:       It affects your strength (+3).
 C - a +0 battleaxe
 D - a +2 war axe of freezing (weapon)
Missiles
 t - a throwing net
Armour
 c - a +0 buckler (worn)
 g - a +2 cloak (worn)
 B - a +0 plate armour (worn)
 I - a +0 kite shield
 J - a +0 pair of boots (worn)
Jewellery
 h - a ring of flight
 j - a ring of ice
 m - an amulet of faith
 s - a ring of resist corrosion
 y - an amulet of guardian spirit
 G - an amulet of magic regeneration
 L - a +4 ring of protection
 O - a ring of ice
Wands
 M - a wand of mindburst (6)
Scrolls
 k - 3 scrolls of fog {unknown}
 l - 3 scrolls of enchant armour
 o - 8 scrolls of identify {unknown}
 p - 2 scrolls of vulnerability {unknown}
 q - a scroll of fear {unknown}
 r - 5 scrolls of blinking {unknown}
 w - a scroll of poison {unknown}
 x - 4 scrolls of teleportation {unknown}
 A - a scroll of noise {unknown}
 E - a scroll of brand weapon {unknown}
 H - a scroll of amnesia {unknown}
 N - 2 scrolls of magic mapping {unknown}
Potions
 b - a potion of flight {unknown}
 d - 2 potions of might
 e - 4 potions of haste
 f - 6 potions of curing {unknown}
 i - 5 potions of heal wounds
 n - a potion of degeneration {unknown}
 u - a potion of mutation {unknown}
 z - 4 potions of lignification {unknown}
 F - a potion of resistance {unknown}
 K - a potion of brilliance {unknown}


   Skills:
 + Level 7.7 Fighting
 * Level 13.2 Axes
 + Level 7.9 Armour
 - Level 4.0 Shields
 + Level 6.9 Invocations


You had 10 spell levels left.
You didn't know any spells.
Your spell library contained the following spells:

 Spells                   Type           Power      Damage    Failure   Level
 Apportation              Tloc           0%         N/A       99%         1
 Magic Dart               Conj           0%         1d3       99%         1
 Necrotise                Necr           0%         1d4       99%         1
 Summon Small Mammal      Summ           0%         N/A       99%         1
 Call Imp                 Summ           0%         N/A       100%        2
 Mephitic Cloud           Conj/Pois/Air  0%         N/A       100%        3
 Vampiric Draining        Necr           0%         2d6       100%        3
 Olgreb's Toxic Radiance  Pois           0%         N/A       100%        4
 Agony                    Necr           0%         N/A       100%        5
 Iskenderun's Battlesphe  Conj           0%         2d6       100%        5
 Iron Shot                Conj/Erth      0%         9d1       100%        6
 Spellforged Servitor     Conj/Summ      0%         N/A       100%        7
 Discord                  Hex            0%         N/A       100%        8
 Ignition                 Fire           0%         3d3       100%        8


Dungeon Overview and Level Annotations

Branches:
Dungeon (10/15)            Temple (0/1) D:7            Lair (0/5) D:8
    Orc: D:9-12

Altars:
Cheibriados
Elyvilon
Hepliaklqana
Makhleb
Qazlal
Uskayaw

Shops:
D:5 !

Annotations:
D:8 2 transporters, Athtar's ghost, novice DrTm
D:10 Gastronok


Innate Abilities, Weirdness & Mutations

You cannot be hasted, slowed, berserked, paralysed or teleported.
You can dig through walls and to a lower floor.
You have a pair of large antennae on your head. (SInv)
Your four strong arms can wield two-handed weapons with a shield.


Message History

Gastronok waves his eye-stalks in wide circles.
The air twists around and strikes you!!
The stone arrow hits Gastronok!
Gastronok is moderately wounded.
The glob of acid hits Gastronok!
The acid corrodes Gastronok!
Gastronok is moderately wounded.
The puff of flame hits Gastronok.
Gastronok is moderately wounded.
You hit Gastronok. You freeze Gastronok.
Gastronok is moderately wounded.
Gastronok bites you!!
You are too injured to fight recklessly!
You are too injured to fight recklessly!
You are too injured to fight recklessly!
You are too injured to fight recklessly!
You slash Gastronok! You freeze Gastronok.
Gastronok is heavily wounded.
You hit Gastronok. You freeze Gastronok.
Gastronok is heavily wounded.
You barely miss Gastronok.
Gastronok is heavily wounded.
Gastronok is no longer covered in acid.
Gastronok bites you.
You slash Gastronok! You freeze Gastronok.
Gastronok is heavily wounded.
You hit Gastronok. You freeze Gastronok.
Gastronok is severely wounded.
Gastronok barely misses you.
You hit Gastronok. You freeze Gastronok.
Gastronok is severely wounded.
You hit Gastronok. You freeze Gastronok.
Gastronok is severely wounded.
Gastronok bites you!!
* * * LOW HITPOINT WARNING * * *
You hit Gastronok but do no damage.
Gastronok is severely wounded.
You hit Gastronok. You freeze Gastronok.
Gastronok is severely wounded.
Gastronok waves his eye-stalks in wide circles.
The air twists around and strikes you!
You die...

### ..#
#.# #.#
#.# #w#
## #@#
.# #.#
.# #.#
.# #.#
.# #.#
.######
#.#
..{...#
#.#
#####.#
#.# .#
#.# #.#


You could see Gastronok.

Vanquished Creatures
  Urug (D:10)
  Maurice (D:10)
  A komodo dragon (D:9)
  A hornet (D:8)
  A wraith (D:9)
  2 shadows (D:10)
  8 yaks
  2 wyverns
  A steam dragon (D:7)
  A water moccasin (D:6)
  2 orc warriors
  A sky beast (D:6)
  4 black bears
  6 ogres
  A centaur (D:9)
  A phantom (D:5)
  3 kobold brigands
  4 bullfrogs
  2 gnoll sergeants
  3 scorpions (D:5)
  8 wights
  6 killer bees
  3 hounds
  7 orc priests
  5 jellies
  A gnoll bouda (D:5)
  A sleepcap (D:7)
  5 orc wizards
  3 iguanas
  14 gnolls
  9 adders
  A shadow imp (D:6)
  A white imp (D:5)
  2 ufetubi
  A worm (D:4)
  A dart slug (D:3)
  31 orcs
  16 endoplasms
  3 giant cockroaches
  9 goblins
  3 hobgoblins
  3 jackals (D:5)
  5 quokkas
  7 ball pythons
  6 bats
  A frilled lizard (D:1)
  13 kobolds
  6 rats
217 creatures vanquished.

Vanquished Creatures (collateral kills)
  Fannar (D:9)
1 creature vanquished.

Grand Total: 218 creatures vanquished

Notes
Turn   | Place    | Note
-------+----------+-------------------------------------------
     0 | D:1      | MacCMillion the Formicid Fighter began the quest for the
                  | Orb.
     0 | D:1      | Reached XP level 1. HP: 18/18 MP: 1/1
   154 | D:1      | Reached XP level 2. HP: 24/24 MP: 2/2
   620 | D:1      | Reached XP level 3. HP: 29/29 MP: 3/3
   704 | D:1      | Reached skill level 3 in Axes
  1394 | D:2      | Reached XP level 4. HP: 35/35 MP: 4/4
  1584 | D:2      | Reached skill level 4 in Axes
  1904 | D:3      | Found a faded altar of an unknown god.
  1914 | D:3      | Found a burning altar of Makhleb.
  1979 | D:3      | Reached XP level 5. HP: 39/41 MP: 5/5
  2073 | D:3      | Became a worshipper of Makhleb the Destroyer
  2317 | D:3      | Found a snail-covered altar of Cheibriados.
  2467 | D:4      | Reached skill level 5 in Axes
  2608 | D:4      | Reached * piety under Makhleb
  2615 | D:4      | Reached XP level 6. HP: 25/47 MP: 6/6
  2990 | D:4      | Noticed an ogre
  2999 | D:4      | Killed an ogre
  3000 | D:4      | Reached skill level 6 in Axes
  3000 | D:4      | Reached skill level 1 in Invocations
  3062 | D:4      | HP: 2/45 [wight/+0 morningstar (4)]
  3064 | D:4      | Reached XP level 7. HP: 3/51 MP: 7/9
  3443 | D:5      | Entered Level 5 of the Dungeon
  3599 | D:5      | Reached skill level 7 in Axes
  3890 | D:4      | Identified the +1 hand axe of Gobiwk {heavy, Str+3}
  4238 | D:5      | Reached XP level 8. HP: 48/58 MP: 10/10
  4426 | D:5      | Reached skill level 8 in Axes
  4619 | D:5      | Reached skill level 9 in Axes
  4749 | D:5      | Found Haclanev's Distillery.
  5239 | D:5      | Reached skill level 10 in Axes
  5239 | D:5      | Reached XP level 9. HP: 48/64 MP: 11/11
  5537 | D:5      | Bought a potion of heal wounds for 60 gold pieces
  6118 | D:6      | Reached ** piety under Makhleb
  6202 | D:6      | Reached skill level 5 in Armour
  6333 | D:6      | Reached skill level 11 in Axes
  6612 | D:7      | Found a staircase to the Ecumenical Temple.
  6651 | D:7      | Reached skill level 5 in Fighting
  6907 | D:7      | Reached XP level 10. HP: 67/74 MP: 12/12
  7607 | D:8      | Noticed Athtar's ghost (novice DrTm)
  7624 | D:8      | Found a hazy altar of Hepliaklqana.
  7926 | D:8      | Found a transporter.
  7947 | D:8      | Found a transporter.
  7967 | D:8      | Found a staircase to the Lair.
  8018 | D:8      | Found a hide-covered altar of Uskayaw.
  8153 | D:8      | Found a white marble altar of Elyvilon.
  8154 | D:8      | Found a stormy altar of Qazlal.
  8758 | D:9      | Reached skill level 12 in Axes
  8777 | D:9      | Reached *** piety under Makhleb
  8997 | D:9      | Reached skill level 5 in Invocations
  9383 | D:10     | Entered Level 10 of the Dungeon
  9529 | D:10     | Reached XP level 11. HP: 83/83 MP: 15/15
  9575 | D:10     | Noticed Maurice
  9608 | D:10     | Killed Maurice
  9655 | D:10     | Identified the +0 scale mail of the Assorted Princes {Str+7
                  | Dex-4}
  9811 | D:10     | Noticed Fannar
  9811 | D:10     | Noticed Urug
  9861 | D:9      | Reached skill level 13 in Axes
  9970 | D:9      | Killed Fannar
 10421 | D:10     | Killed Urug
 10775 | D:10     | Noticed Gastronok
 10793 | D:10     | Killed from afar by Gastronok

Illustrated notes

Levels and vault maps discovered:
D:1:      lemuel_arrival_tunnels, layout_loops_ring, minmay_domino_4
D:2:      layout_loops_cross
D:3:      layout_rooms, mainiacjoe_overflow_tiny_flanked, lemuel_tele_altar,
          ebering_ecumenical_altar_mist, minmay_quadrilaterals
D:4:      layout_loops_ring
D:5:      layout_layer_cave, serial_shops, nicolae_shop_tiny_real_fake_doors,
          kennysheep_big_empty_room
D:6:      layout_rooms
D:7:      layout_basic, minmay_temple_entry_ruins
D:8:      layout_rooms, grunt_temple_overflow_open, lair_entry_dummy,
          gammafunk_ghost_stat_death
D:9:      layout_basic
D:10:     layout_loops_ring, vehumet_altar_wand_db, serial_shops, shop,
          nicolae_trove_entry_isolated, minmay_the_grid_2x2
          [minmay_the_grid_spikes, minmay_the_grid_x, minmay_the_grid_paths,
          minmay_the_grid_prize_diamond_cup], uniq_gastronok, uniq_snorg,
          uniq_sonja, uniq_fannar, uniq_maurice, uniq_urug

Skill      XL: |  1  2  3  4  5  6  7  8  9 10 11 |
---------------+----------------------------------+-----
Axes           | 3 4 5 6 7 10 11 12 13 | 13.2
Invocations    | 2 3 5 6 |  6.9
Armour         | 5 7 |  7.9
Fighting       | 5 6 7 |  7.7
Shields        | |  4.0

Action                     |  1- 3 |  4- 6 |  7- 9 | 10-12 || total
---------------------------+-------+-------+-------+-------++-------
  Melee: War axe           |    93 |   130 |    90 |   257 ||   570
         Hand axe          |       |       |   125 |       ||   125
         Battleaxe         |       |       |    23 |       ||    23
  Throw: Throwing net      |       |     1 |       |       ||     1
 Invoke: Minor Destruction |       |       |     4 |    13 ||    17
         Lesser Servant of |       |       |       |     3 ||     3
Ability: Dig               |       |     1 |       |       ||     1
    Use: Scroll            |       |       |     1 |       ||     1
         Potion            |       |       |       |     1 ||     1
 Armour: Scale mail        |     9 |       |       |       ||     9
         Chain mail        |    34 |    48 |   104 |       ||   186
         Plate armour      |       |       |    30 |    99 ||   129
  Dodge: Dodged            |    36 |    43 |    89 |    55 ||   223
  Block: Buckler           |    24 |    23 |    68 |    37 ||   152
